 Dungeon Crawl Stone Soup version 0.21.1-1-g345015f (webtiles) character file.

2739 sking99 the Slinger (level 10, 0/66 HPs)
             Began as a Halfling Warper on July 1, 2018.
             Was an Initiate of Gozag.
             Killed from afar by an electric eel (6 damage)
             ... with a bolt of electricity
             ... on level 8 of the Dungeon.
             The game lasted 00:27:03 (8264 turns).

sking99 the Slinger (Halfling Warper)               Turns: 8264, Time: 00:27:03

Health: 0/66       AC:  7    Str: 14    XL:     10   Next: 0%
Magic:  10/13      EV: 15    Int: 15    God:    Gozag
Gold:   1023       SH:  0    Dex: 18    Spells: 5/13 levels left

rFire    . . .     SeeInvis .   b - +2 hunting sling (freeze)
rCold    . . .     Gourm    .   (shield restricted)
rNeg     . . .     Faith    .   F - +0 leather armour (curse)
rPois    .         Spirit   .   i - +1 helmet
rElec    .         Reflect  .   (no cloak)
rCorr    .         Harm     .   G - +0 pair of gloves
MR       .....                  v - +0 pair of boots
Stlth    +.........             (no amulet)
HPRegen  0.21/turn              y - +2 ring of dexterity
MPRegen  0.13/turn              m - +4 ring of intelligence

@: shrouded, gold aura
A: small, mutation resistance 1
a: Potion Petition, Call Merchant, Bribe Branch, Renounce Religion


You were on level 8 of the Dungeon.
You worshipped Gozag.
Gozag was most pleased with you.
You were not hungry.

You visited 2 branches of the dungeon, and saw 9 of its levels.

You collected 1046 gold pieces.
You paid 23 gold pieces to Gozag.

Inventory:

Hand Weapons
 a - a +3 dagger
 b - a +2 hunting sling of freezing (weapon)
 L - a +0 blowgun
Missiles
 e - 4 tomahawks of dispersal
 q - 159 stones (quivered)
 t - 36 sling bullets
 M - 12 poisoned needles
Armour
 i - a +1 helmet (worn)
 k - a +0 leather armour
 v - a +0 pair of boots (worn)
 A - a +0 pair of gloves
 F - a cursed +0 leather armour (worn)
 G - a +0 pair of gloves (worn)
Jewellery
 g - a +2 ring of strength
 m - a +4 ring of intelligence (right hand)
 y - a +2 ring of dexterity (left hand)
Wands
 h - a wand of digging (10)
 D - a wand of enslavement (9)
Scrolls
 d - 4 scrolls of blinking
 l - 5 scrolls of remove curse
 n - 3 scrolls of magic mapping
 p - 3 scrolls of amnesia
 r - a scroll of identify
 u - 2 scrolls of enchant weapon
 J - a scroll of fear {unknown}
 K - a scroll of teleportation
Potions
 j - 3 potions of degeneration
 o - 3 potions of haste
 w - a potion of invisibility {unknown}
 x - a potion of might {unknown}
 B - a potion of heal wounds {unknown}
 C - a potion of flight
 E - 2 potions of magic
 H - a potion of brilliance {unknown}
 I - a potion of curing {unknown}
Books
 c - a book of Spatial Translocations

   Spells                             Type                      Level
   a - Blink                          Translocation                2
   b - Shroud of Golubria             Charms/Translocation         2
   c - Lesser Beckoning               Translocation                3
   d - Gell's Gravitas                Translocation                3
   e - Teleport Other                 Translocation                3
   f - Passage of Golubria            Translocation                4
 s - a book of Minor Magic

   Spells                             Type                      Level
   a - Magic Dart                     Conjuration                  1
   b - Blink                          Translocation                2
   c - Call Imp                       Summoning                    2
   d - Slow                           Hexes                        2
   e - Conjure Flame                  Conjuration/Fire             3
   f - Mephitic Cloud                 Conjuration/Poison/Air       3
 z - a book of Maledictions

   Spells                             Type                      Level
   a - Corona                         Hexes                        1
   b - Ensorcelled Hibernation        Hexes/Ice                    2
   c - Confuse                        Hexes                        3
   d - Tukima's Dance                 Hexes                        3
   e - Dazzling Spray                 Conjuration/Hexes            3
Comestibles
 f - 6 rations


   Skills:
 * Level 5.1 Fighting
 + Level 5.2 Short Blades
 - Level 12.0 Slings
 - Level 1.0(5.4) Throwing
 - Level 1.1 Armour
 - Level 2.1 Dodging
 - Level 2.0 Spellcasting
 - Level 1.0 Charms
 - Level 8.0 Translocations


You had 5 spell levels left.
You knew the following spells:

 Your Spells              Type           Power        Failure   Level  Hunger
a - Blink                 Tloc           N/A          1%          2    ###....
b - Shroud of Golubria    Chrm/Tloc      ###.......   6%          2    ###....
c - Passage of Golubria   Tloc           N/A          10%         4    #####..


Dungeon Overview and Level Annotations

Branches:
Dungeon (8/15)             Temple (1/1) D:5
   Lair: D:8-11

Altars:
Ashenzari
Cheibriados
Dithmenos
Elyvilon
Fedhas
Gozag
Hepliaklqana
Kikubaaqudgha
Makhleb
Nemelex Xobeh
Okawaru
Qazlal
Ru
Sif Muna
Trog
Uskayaw
Vehumet
Wu Jian
Xom
Yredelemnul
Zin
The Shining One


Innate Abilities, Weirdness & Mutations

You are small and have problems with some larger weapons.
You are somewhat resistant to further mutation.


Message History

You shoot a stone. The stone barely misses the hound.
The hound barks!
The hound bites you.
* * * LOW HITPOINT WARNING * * *
Firing (i - inventory. (,) - cycle):
q - 160 stones (quivered)
Press: ? - help, Shift-Dir - straight line, f/p - hound
Aim: a hound (almost dead)
You shoot a stone. The stone hits the hound!
The stone freezes the hound.
You kill the hound!
You have reached level 10!
You feel agile.
The electric eel shoots out a bolt of lightning at you!
The bolt of electricity hits you!
* * * LOW HITPOINT WARNING * * *
The hound bites you.
* * * LOW HITPOINT WARNING * * *
The electric eel shoots out a bolt of lightning at you!
The bolt of electricity hits you!
You die...
Your body crumbles into a pile of gold.

#((.≈ ..;.
.... ... (..
.. >.##.# #
#$$#.#
###.##(.(.###
.......$$$..+
#(.(.$@.#
###..h###
##.## #. #.
#. #. #.


You could see a hound and an electric eel.

Vanquished Creatures
  Prince Ribbit (D:7)
  Edmund (D:5)
  2 water moccasins
  2 sky beasts (D:6)
  2 phantoms
  5 ogres
  2 wolves (D:8)
  A big kobold (D:7)
  A bullfrog (D:6)
  A scorpion (D:5)
  A howler monkey (D:6)
  2 crimson imps
  A jelly (D:6)
  5 orc wizards
  3 orc priests
  6 hounds
  3 bullfrog skeletons
  2 iguanas (D:4)
  4 worker ants
  A hound skeleton (D:4)
  A hound zombie (D:5)
  2 howler monkey zombies
  2 worker ant zombies
  11 adders
  2 shadow imps (D:6)
  An ooze (D:5)
  An adder zombie (D:6)
  An adder skeleton (D:6)
  2 worms
  6 dart slugs
  5 leopard geckos
  9 orcs
  6 bats
  4 giant cockroaches
  4 goblins
  4 hobgoblins
  2 jackals (D:6)
  3 quokkas
  2 ball pythons (D:2)
  6 frilled lizards
  10 kobolds
  A leopard gecko zombie (D:6)
  A quokka zombie (D:5)
  11 rats
143 creatures vanquished.

Notes
Turn   | Place    | Note
-------+----------+-------------------------------------------
     0 | D:1      | sking99 the Halfling Warper began the quest for the Orb.
     0 | D:1      | Reached XP level 1. HP: 14/14 MP: 3/3
   212 | D:1      | Reached XP level 2. HP: 11/19 MP: 4/4
   341 | D:1      | Learned a level 2 spell: Blink
   344 | D:1      | Learned a level 2 spell: Shroud of Golubria
   825 | D:2      | Reached XP level 3. HP: 17/25 MP: 5/5
  1145 | D:2      | Reached skill level 1 in Charms
  1439 | D:2      | Reached skill level 1 in Slings
  1439 | D:2      | Reached XP level 4. HP: 27/30 MP: 6/6
  2008 | D:2      | Found an opulent altar of Gozag.
  2013 | D:2      | Became a worshipper of Gozag Ym Sagoz the Greedy
  2140 | D:3      | Reached skill level 2 in Slings
  2340 | D:3      | Found a shadowy altar of Dithmenos.
  2523 | D:3      | Reached XP level 5. HP: 35/35 MP: 8/8
  2762 | D:3      | Reached skill level 3 in Slings
  3298 | D:4      | Noticed a water moccasin
  3303 | D:4      | Killed a water moccasin
  3303 | D:4      | Reached skill level 5 in Slings
  3303 | D:4      | Reached XP level 6. HP: 41/41 MP: 9/9
  3389 | D:4      | Reached skill level 6 in Slings
  3592 | D:4      | Noticed an ogre
  3597 | D:4      | Killed an ogre
  3597 | D:4      | Reached skill level 5 in Translocations
  3597 | D:4      | Reached XP level 7. HP: 45/45 MP: 10/10
  3690 | D:4      | Reached skill level 7 in Slings
  4057 | D:4      | Reached skill level 8 in Slings
  4116 | D:4      | Reached XP level 8. HP: 51/51 MP: 11/11
  4432 | D:4      | Found a shattered altar of Ashenzari.
  4471 | D:4      | Reached skill level 9 in Slings
  4654 | D:5      | Entered Level 5 of the Dungeon
  4978 | D:5      | Reached skill level 10 in Slings
  5265 | D:5      | Reached skill level 11 in Slings
  5463 | D:5      | Learned a level 4 spell: Passage of Golubria
  5480 | D:5      | Found a staircase to the Ecumenical Temple.
  5557 | Temple   | Entered the Ecumenical Temple
  5979 | D:5      | Noticed Edmund
  5999 | D:5      | Killed Edmund
  5999 | D:5      | Reached XP level 9. HP: 49/55 MP: 6/12
  6173 | D:6      | Reached skill level 12 in Slings
  6821 | D:6      | Found a sacrificial altar of Ru.
  7144 | D:7      | Noticed Prince Ribbit
  7150 | D:7      | Killed Prince Ribbit
  7343 | D:7      | Found a basalt altar of Yredelemnul.
  7354 | D:7      | Found a sparkling altar of Nemelex Xobeh.
  8075 | D:7      | Found a snail-covered altar of Cheibriados.
  8241 | D:8      | Reached skill level 5 in Short Blades
  8249 | D:8      | Reached skill level 5 in Fighting
  8263 | D:8      | Reached XP level 10. HP: 18/66 MP: 10/13
  8264 | D:8      | Killed from afar by an electric eel

Skill      XL: |  1  2  3  4  5  6  7  8  9 |
---------------+----------------------------+-----
Fighting       | 2 5 |  5.1
Short Blades   | 3 5 |  5.2
Charms         | 1 |  1.0
Slings         | 1 2 5 6 8 11 12 | 12.0
Spellcasting   | 2 |  2.0
Translocations | 4 5 6 8 |  8.0
Throwing       | |  1.0
Armour         | |  1.1
Dodging        | |  2.1

Action                   |  1- 3 |  4- 6 |  7- 9 | 10-12 || total
-------------------------+-------+-------+-------+-------++-------
Melee: Short sword       |   108 |       |       |       ||   108
       Hunting sling     |       |       |     1 |       ||     1
 Fire: Hunting sling     |    17 |   125 |   434 |       ||   576
Throw: Tomahawk          |     1 |       |       |       ||     1
 Cast: Blink             |       |     2 |     8 |       ||    10
       Shroud of Golubri |       |       |    11 |       ||    11
  Use: Potion            |     1 |       |       |       ||     1
       Scroll            |       |     1 |    11 |       ||    12
  Eat: Chunk             |     2 |     2 |       |       ||     4
       Ration            |       |     1 |     5 |       ||     6
Armor: Leather armour    |    23 |     5 |    26 |       ||    54
       Skin              |    15 |       |       |       ||    15
Dodge: Dodged            |    75 |    35 |    96 |       ||   206
